 Dungeon Crawl Stone Soup version 0.15-a0-2130-g28e4b74 (webtiles) character file.

401 Charly the Grappler (level 6, -1/51 HPs)
             Began as a Ghoul Monk on July 16, 2014.
             Was a Priest of Cheibriados.
             Slain by a yellow wasp (11 damage)
             ... on Level 8 of the Dungeon.
             The game lasted 00:13:24 (1160 turns).

Charly the Grappler (Ghoul Monk)                    Turns: 1160, Time: 00:13:24

HP  -1/51        AC  2     Str 22      XL: 6   Next: 85%
MP   5/5         EV 13     Int 14      God: Cheibriados [***...]
Gold 40          SH  0     Dex 18      Spells:  0 memorised,  5 levels left

rFire  . . .     SeeInvis .       - Unarmed
rCold  + . .     Clarity  .     a - +0 robe
rNeg   + + +     rCorr    .     (no shield)
rPois  +         rRot     +     (no helmet)
rElec  .         Spirit   .     (no cloak)
SustAb .         Warding  .     (no gloves)
rMut   .         Stasis   .     (no boots)
Saprov + + +                    (no amulet)
MR     .....                    (no ring)
                                (no ring)

@: rotting, very slow, not resistant to hostile enchantments, unstealthy
A: rotting body, claws 1, carnivore 3, cold resistance 1, negative energy
resistance 3, poison resistance, saprovore 3, slow healing 1, torment
resistance, unbreathing
a: Bend Time, Temporal Distortion, Renounce Religion


You were on level 8 of the Dungeon.
You worshipped Cheibriados.
Cheibriados was most pleased with you.
You were not hungry.

You visited 1 branch of the dungeon, and saw 8 of its levels.

You collected 40 gold pieces.

Inventory:

Missiles
 c - 11 poisoned needles
 f - 3 tomahawks (quivered)
Armour
 a - a +0 robe (worn)
Magical devices
 o - a wand of digging (16)
Comestibles
 n - a meat ration
Scrolls
 p - a scroll of blinking
Potions
 b - 3 potions of might
 d - a potion of cure mutation {unknown}
 e - 2 potions of restore abilities
 h - a potion of agility {unknown}
 i - a potion of brilliance
 t - a potion of haste {unknown}


   Skills:
 - Level 3.2 Fighting
 - Level 2.6 Dodging
 * Level 2.6 Stealth
 + Level 8.6 Unarmed Combat


You had 5 spell levels left.
You didn't know any spells.

Dungeon Overview and Level Annotations

Branches:
Dungeon (8/15)
 Temple: D:4-7         Lair: D:8-11

Altars:
Cheibriados
Dithmenos
Fedhas
Kikubaaqudgha
Makhleb
Okawaru
Vehumet
Xom


Innate Abilities, Weirdness & Mutations

Your body is rotting away.
You have sharp fingernails.
You are carnivorous and can eat meat at any time.
Your flesh is cold resistant.
You are immune to negative energy.
Your system is resistant to poisons.
You thrive on rotten meat.
You heal slowly when monsters are visible.
You are immune to unholy pain and torment.
You can survive without breathing.


Message History

The yellow wasp stings you!
You closely miss the yellow wasp.
The yellow wasp is heavily wounded.
The yellow wasp barely misses you.
Eat one of 2 rotting chunks of ogre flesh? (ye/n/q/i?) This rotting flesh tastes delicious!
The yellow wasp barely misses you. The yellow wasp stings you.
You continue eating.
The yellow wasp stings you.
You continue eating.
The yellow wasp stings you.
* * * LOW HITPOINT WARNING * * *
The yellow wasp stings you.
* * * LOW HITPOINT WARNING * * *
Eat a rotting chunk of ogre flesh? (ye/n/q/i?) This rotting flesh tastes delicious!
The yellow wasp stings you!
* * * LOW HITPOINT WARNING * * *
You continue eating.
The yellow wasp stings you!
You die...

#
####.##(#
#.y.(...#
#@# #.#
..# ##.#
#.# #?.
###


You could see a yellow wasp.

Vanquished Creatures
  An orc warrior (D:6)
  An ogre (D:5)
  A giant frog (D:6)
  An orc priest (D:3)
  A hound (D:4)
  An orc wizard (D:3)
  2 giant geckos
  9 orcs
  4 bats
  3 giant cockroaches
  5 goblins
  9 hobgoblins
  3 jackals (D:1)
  A quokka (D:6)
  3 giant newts
  8 kobolds
  An orc skeleton (D:6)
  5 rats
59 creatures vanquished.

Notes
Turn   | Place    | Note
--------------------------------------------------------------
     0 | D:1      | Charly, the Ghoul Monk, began the quest for the Orb.
     0 | D:1      | Reached XP level 1. HP: 19/19 MP: 1/1
     6 | D:1      | Noticed a fire drake
     6 | D:1      | Noticed an anaconda
     6 | D:1      | Noticed a wolf
     6 | D:1      | Noticed a polar bear
   114 | D:1      | Reached XP level 2. HP: 16/26 MP: 2/2
   245 | D:1      | Reached skill level 5 in Unarmed Combat
   296 | D:2      | Found an iron altar of Okawaru.
   352 | D:2      | Found a blossoming altar of Fedhas.
   352 | D:2      | Found a shimmering altar of Xom.
   353 | D:2      | Found a radiant altar of Vehumet.
   353 | D:2      | Found an iron altar of Okawaru.
   354 | D:2      | Found an ancient bone altar of Kikubaaqudgha.
   354 | D:2      | Found a shadowy altar of Dithmenos.
   354 | D:2      | Found a snail-covered altar of Cheibriados.
   355 | D:2      | Found a burning altar of Makhleb.
   370 | D:2      | Became a worshipper of Cheibriados the Contemplative
   418 | D:2      | Reached XP level 3. HP: 23/31 MP: 3/3
   609 | D:3      | Reached skill level 6 in Unarmed Combat
   609 | D:3      | Reached XP level 4. HP: 24/38 MP: 3/3
   787 | D:4      | Reached XP level 5. HP: 45/45 MP: 4/4
   797 | D:4      | Found a shimmering altar of Xom.
   836 | D:4      | Reached skill level 7 in Unarmed Combat
   869 | D:5      | Entered Level 5 of the Dungeon
   910 | D:5      | Noticed an ogre
   919 | D:5      | Killed an ogre
   920 | D:5      | Reached XP level 6. HP: 37/51 MP: 5/5
   954 | D:6      | Reached skill level 8 in Unarmed Combat
   955 | D:6      | Acquired Cheibriados' first power
  1160 | D:8      | Slain by a yellow wasp

Action                   |  1- 3 |  4- 6 || total
-------------------------+-------+-------++-------
Melee: Unarmed           |    86 |    77 ||   163
Throw: Tomahawk          |       |    16 ||    16
Evoke: Wand              |     1 |       ||     1
  Use: Scroll            |     4 |     5 ||     9
       Potion            |       |     1 ||     1
 Stab: Sleeping          |     2 |       ||     2
  Eat: Chunk             |     4 |    14 ||    18
